 Dungeon Crawl Stone Soup version 0.30.0-20-g3615ddf2f0 (webtiles) character file.

Game seed: 2254382095083950701

413 qw the Chopper (level 6, -1/38 HPs)
             Began as a Gargoyle Fighter on May 28, 2023.
             Slain by a bullfrog (3 damage)
             ... in a sewer.
             The game lasted 00:01:38 (3098 turns).

qw the Chopper (Gargoyle Fighter)                   Turns: 3098, Time: 00:01:39

Health: -1/38      AC: 11    Str: 22    XL:     6   Next: 91%
Magic:  6/6        EV:  6    Int:  8    God:
Gold:   100        SH:  4    Dex:  9    Spells: 5/5 levels left

rFire   . . .        Y - +2 war axe
rCold   . . .        c - +0 buckler
rNeg    + . .        b - +0 scale mail
rPois   inf          (no helmet)
rElec   +            (no cloak)
rCorr   .            (no gloves)
SInv    .            (no boots)
Will    .....        (no amulet) Stlth
                     (no ring)
HPRegen 0.26/turn    (no ring)
MPRegen 0.10/turn

%: no passive effects
@: constricted, very slow
A: sickness immunity, AC +4, negative energy resistance 1, electricity
resistance, torment resistance 1, petrification resistance
a: no special abilities


You were in a sewer.
You visited 1 branch of the dungeon, and saw 4 of its levels.
You also visited: Sewer.

You collected 214 gold pieces.
You spent 114 gold pieces at shops.


Innate Abilities, Weirdness & Mutations

You are immune to sickness and miasma.
Your stone body is resilient. (AC +4)
You are immune to poison.
You resist negative energy. (rN+)
You are resistant to electric shocks. (rElec)
You are resistant to unholy torment.
You are immune to petrification.


   Skills:
 - Level 4.2 Fighting
 + Level 5.9 Axes
 - Level 3.2 Armour
 - Level 1.0 Dodging
 - Level 3.2 Shields


You had 5 spell levels left.
You didn't know any spells.
Your spell library was empty.

Inventory:

Hand Weapons
 h - a +0 flail
 Y - a +2 war axe (weapon)
Armour
 b - a +0 scale mail (worn)
 c - a +0 buckler (worn)
Scrolls
 a - a scroll of enchant armour {unknown}
 e - a scroll of identify
 j - 2 scrolls of brand weapon {unknown}
 k - a scroll of silence {unknown}
Potions
 d - a potion of might
 f - 3 potions of lignification
 g - 2 potions of curing
 i - 2 potions of heal wounds {unknown}
 l - a potion of mutation {unknown}
 m - a potion of brilliance {unknown}

Dungeon Overview and Level Annotations

Branches:
Dungeon (4/15)              Sewer (1/1)
 Temple: D:4-7

Altars:
Nemelex Xobeh
Wu Jian

Shops:
D:2 ?   D:3 :


Message History

The bullfrog hits you.
The ball python bites you but does no damage.
The ball python barely misses you. The ball python constricts you.
The adder bites you but does no damage. You block the ball python's attack.
The bullfrog hits you but does no damage.
You hit the ball python.
You kill the ball python!
You slash the bullfrog! You slash the ball python!
You kill the ball python!
You slash the ball python!
You kill the ball python!
You barely miss the adder. You closely miss the bullfrog. You miss the adder.
The adder barely misses you.
The bullfrog hits you but does no damage.
The bullfrog barely misses you. You block the adder's attack.
The bullfrog hits you but does no damage.
The adder barely misses you.
The bullfrog hits you but does no damage.
Your unstable footing causes you to fumble your attack.
The adder bites you but does no damage.
The bullfrog hits you but does no damage.
The adder closely misses you.
The bullfrog hits you but does no damage.
The adder bites you but does no damage. The bullfrog hits you.
You block the adder's attack.
You closely miss the bullfrog.
The bullfrog is severely wounded.
You slash the adder! You slash the bullfrog! You miss the adder.
The bullfrog hits you! The bullfrog hits you.
The adder bites you but does no damage. x2; The bullfrog closely misses you. x2
You miss the adder.
The adder is almost dead.
You miss the bullfrog. You barely miss the adder. You hit the bullfrog.
You kill the bullfrog!
The adder bites you but does no damage. The adder barely misses you.
The bullfrog hits you but does no damage.
The adder closely misses you. The ball python barely misses you.
The ball python grabs you. The ball python constricts you.
The adder bites you but does no damage. The bullfrog hits you.
You die...

#####################
###.#~~~~~~~~~~~~~~~...
##....~~~~~~~..%#F~~~...
#....~~~~~~~~~~~@S~~~~..
#....~~~~~~~~~~%SS~~#~..
#....~~~~~~~~~~~~~~~~~..
......~~~~~~~~~~~~~~~#..
....################## #
...#### .%%#..# ...'..#
..#####


You could see a bullfrog, 2 adders and a ball python.

Vanquished Creatures
  A bullfrog (Sewer)
  A scorpion (D:4)
  A howler monkey (D:4)
  An orc priest (D:4)
  An iguana (D:4)
  A scorpion zombie (D:4)
  2 hound zombies (D:4)
  3 gnolls (D:3)
  7 adders
  A river rat (Sewer)
  An adder zombie (D:4)
  3 worms
  A dart slug (D:2)
  3 orcs
  5 endoplasms
  7 giant cockroaches
  6 goblins
  7 hobgoblins
  17 ball pythons
  5 bats
  8 frilled lizards
  3 kobolds (D:1)
  27 rats
112 creatures vanquished.

Notes
Turn   | Place    | Note
-------+----------+-------------------------------------------
     0 | D:1      | qw the Gargoyle Fighter began the quest for the Orb.
     0 | D:1      | Reached XP level 1. HP: 14/14 MP: 1/1
     0 | D:1      | 0 ||| qw: Version: 0.2-a-100-g4e38944
     0 | D:1      | 0 ||| qw: Game counter: 209
     0 | D:1      | 0 ||| qw: Always use a shield: true
     0 | D:1      | 0 ||| qw: God list: Okawaru
     0 | D:1      | 0 ||| qw: Allow faded altars: false
     0 | D:1      | 0 ||| qw: Do Orc after D:15 true
     0 | D:1      | 0 ||| qw: Do second Lair branch before Depths: true
     0 | D:1      | 0 ||| qw: Lair rune preference: random
     0 | D:1      | 0 ||| qw: Plans: Normal, Zot:1-4, God:TSO, Crypt, Tomb,
                  | Pan, Slime:5, Hells, Abyss, Win
     0 | D:1      | 0 ||| PLANNING D:1-11
   132 | D:1      | Reached skill level 2 in Axes
   224 | D:1      | Reached XP level 2. HP: 19/19 MP: 2/2
   597 | D:1      | Reached skill level 3 in Axes
   607 | D:1      | Reached XP level 3. HP: 13/23 MP: 3/3
   714 | D:1      | 714 ||| READING scroll labelled ROMOHO UDUSHRI.
   715 | D:1      | 715 ||| READING scroll labelled BIOTIJ OCRIG.
   716 | D:1      | 716 ||| READING scroll labelled CEPIAM MIT.
   784 | D:2      | 784 ||| Stepping ~*~*~tactically~*~*~ (stealth).
   786 | D:2      | 786 ||| Stepping ~*~*~tactically~*~*~ (hiding).
   807 | D:2      | 807 ||| Stepping ~*~*~tactically~*~*~ (stealth).
   895 | D:2      | Found a sparkling altar of Nemelex Xobeh.
   990 | D:2      | Found Kinime's Magic Scroll Shoppe.
   998 | D:2      | 998 ||| BUYING scroll of enchant weapon (90 gold).
   998 | D:2      | Bought a scroll of enchant weapon for 90 gold pieces
   998 | D:2      | 998 ||| BUYING scroll of identify (24 gold).
   998 | D:2      | Bought a scroll of identify for 24 gold pieces
   998 | D:2      | 998 ||| SHOPLISTING scroll of identify (24 gold, have 3).
   998 | D:2      | 998 ||| SHOPLISTING scroll of teleportation (36 gold, have
                  | 3).
   998 | D:2      | 998 ||| READING scroll of enchant weapon.
   998 | D:2      | 998 ||| ENCHANTING +1 war axe.
  1119 | D:2      | 1119 ||| Stepping ~*~*~tactically~*~*~ (stealth).
  1230 | D:2      | Reached XP level 4. HP: 28/28 MP: 4/4
  1231 | D:2      | 1231 ||| DROPPING amulet of magic regeneration.
  1232 | D:2      | 1232 ||| READING scroll labelled XYIRESM FIAH.
  1233 | D:2      | 1233 ||| DRINKING 3 bubbling emerald potions.
  1234 | D:2      | 1234 ||| DRINKING 2 silvery potions.
  1235 | D:2      | 1235 ||| READING 3 scrolls of identify.
  1235 | D:2      | 1235 ||| IDENTIFYING black potion
  1236 | D:2      | 1236 ||| READING 2 scrolls of identify.
  1236 | D:2      | 1236 ||| IDENTIFYING bubbling white potion
  1237 | D:2      | 1237 ||| DROPPING 2 potions of magic.
  1238 | D:2      | 1238 ||| DROPPING potion of flight.
  1239 | D:2      | 1239 ||| DROPPING potion of invisibility.
  1271 | D:3      | Found Ybbext's Book Boutique.
  1298 | D:3      | 1298 ||| Stepping ~*~*~tactically~*~*~ (hiding).
  1303 | D:3      | Reached skill level 4 in Axes
  1727 | D:3      | 1727 ||| DROPPING +0 whip.
  1759 | D:3      | Found an ornate altar of the Wu Jian Council.
  2012 | D:3      | Reached XP level 5. HP: 32/32 MP: 5/5
  2523 | D:3      | 2523 ||| READING 2 scrolls of identify.
  2523 | D:3      | 2523 ||| IDENTIFYING smoky emerald potion
  2577 | D:4      | 2577 ||| PLANNING SEWER
  2663 | D:4      | 2663 ||| Stepping ~*~*~tactically~*~*~ (stealth).
  2667 | D:4      | 2667 ||| Stepping ~*~*~tactically~*~*~ (stealth).
  2670 | D:4      | Reached skill level 5 in Axes
  2690 | D:4      | Reached XP level 6. HP: 36/38 MP: 6/6
  2706 | D:4      | Reached skill level 1 in Dodging
  2731 | D:4      | 2731 ||| Stepping ~*~*~tactically~*~*~ (stealth).
  2732 | D:4      | 2732 ||| Stepping ~*~*~tactically~*~*~ (stealth).
  2800 | D:4      | Found a glowing drain.
  2810 | Sewer    | Entered a sewer
  2907 | Sewer    | 2907 ||| Stepping ~*~*~tactically~*~*~ (water).
  3097 | Sewer    | HP: 4/38 [bullfrog (7)]
  3097 | Sewer    | HP: 1/38 [bullfrog (3)]
  3098 | Sewer    | Slain by a bullfrog

Levels and vault maps discovered:
D:1:      lemuel_arrival_funnel, layout_basic
D:2:      layout_rooms, serial_shops, nicolae_shop_trees, basic_altar
D:3:      layout_basic, mainiacjoe_overflow_alcove_4, serial_shops,
          nicolae_book_shop_shelving, minmay_cut_off
D:4:      layout_cave_pools, jmf_multi_god_temple,
          minmay_temple_entry_antechambers, cheibrodos_sewer_entry_sluice,
          serial_undead, serial_undead_f, serial_undead_e, serial_undead_e,
          serial_undead_c
Sewer:    sewer_minmay_w

Skill      XL: |  1  2  3  4  5  6 |
---------------+-------------------+-----
Axes           | 2 3 4 5 |  5.9
Fighting       | 4 |  4.2
Dodging        | 1 |  1.0
Armour         | |  3.2
Shields        | |  3.2

Action                     |  1- 3 |  4- 6 || total
---------------------------+-------+-------++-------
  Melee: War axe           |    97 |   152 ||   249
  Throw: Boomerang         |    23 |    50 ||    73
    Use: Scroll            |     4 |     4 ||     8
         Potion            |       |     2 ||     2
 Armour: Scale mail        |    45 |   115 ||   160
  Dodge: Dodged            |    56 |    87 ||   143
  Block: Buckler           |    13 |    39 ||    52

Table legend:
 A = Non-vault XP
 B = Vault XP
 C = Vault XP percentage of total XP
 D = Non-vault monster count
 E = Vault monster count
 F = Vault count percentage of total count
                 A         B        C        D         E       F
            +---------+---------+-------+---------+---------+-------
      Total |     403 |     273 |  40.4 |      67 |      45 |  40.2
            +---------+---------+-------+---------+---------+-------
        D:1 |      38 |       0 |   0.0 |      25 |       0 |   0.0
        D:2 |      44 |       0 |   0.0 |      16 |       0 |   0.0
        D:3 |      71 |      15 |  17.4 |      17 |       2 |  10.5
        D:4 |     250 |      83 |  24.9 |       9 |       6 |  40.0
      Sewer |       0 |     175 | 100.0 |       0 |      37 | 100.0
            +---------+---------+-------+---------+---------+-------
